 Dungeon Crawl Stone Soup version 0.29.0-11-gd7f09526c8 (webtiles) character file.

Game seed: 14043361011370344983

41533 smilodon the Pandemonic (level 13, 0/86 HPs)
             Began as a Demonspawn Fighter on Sept 6, 2022.
             Was a High Priest of Makhleb.
             Slain by a blink frog (15 damage)
             ... on level 5 of the Lair of Beasts.
             The game lasted 00:40:02 (18404 turns).

smilodon the Pandemonic (Demonspawn Fighter)       Turns: 18404, Time: 00:40:03

Health: 0/86       AC:  9    Str: 27    XL:     13   Next: 80%
Magic:  19/25      EV: 10    Int: 11    God:    Makhleb [*****.]
Gold:   1187       SH: 10    Dex: 17    Spells: 12/12 levels left

rFire   . . .      SeeInvis .   e - +9 staff of Olgreb {rPois∞}
rCold   . . .      Faith    .   c - +0 buckler
rNeg    . . .      Spirit   .   s - +1 acid dragon scales
rPois   ∞          Reflect  +   (helmet restricted)
rElec   .          Harm     .   z - scarf {repulsion}
rCorr   +          Rampage  .   (no gloves)
Will    +....                   (boots unavailable)
Stlth   +.........              K - amulet of Nuoh {Reflect rPois Int+2 Dex+3 SH+5}
HPRegen 0.24/turn               P - +6 ring of strength
MPRegen 0.19/turn               w - ring of willpower

@: studying Staves, repel missiles
A: hooves 3, horns 2, demonic guardian 2, weakness stinger 1, iridescent scales
1, screaming 1
a: Renounce Religion, Evoke the Staff of Olgreb, Minor Destruction, Lesser
Servant of Makhleb, Major Destruction, Greater Servant of Makhleb


You were on level 5 of the Lair of Beasts.
You worshipped Makhleb.
Makhleb was extremely pleased with you.
You visited 2 branches of the dungeon, and saw 17 of its levels.
You also visited: Ossuary.

You collected 1547 gold pieces.
You spent 360 gold pieces at shops.

Inventory:

Hand Weapons
 a - a +0 trident
 d - a +1 vorpal broad axe
 e - the +9 staff of Olgreb (weapon) {rPois∞}
   (You acquired it on level 1 of the Dungeon)

   If the wielder is skilled in Evocations, they can envenom those struck by it,
   dealing poison damage which bypasses armour.
   It enhances your poison magic.
   It grants immunity to poison.
   It can be activated via the 'a'bility menu to radiate toxic energy, with
   effectiveness depending on Evocations skill.
 E - a +0 vorpal hand axe
 H - the +7 falchion of Greed {flame, rElec Dex+3}
   (You took it off an orc on level 10 of the Dungeon)

   It burns those it strikes, dealing additional fire damage.
   Big, fiery blades are also staple armaments of hydra-hunters.
   Dex:       It affects your dexterity (+3).
   rElec:     It insulates you from electricity.
Missiles
 f - 47 poisoned darts (quivered)
 n - 4 throwing nets
 y - 7 curare-tipped darts
Armour
 b - a +0 scale mail
 c - a +0 buckler (worn)
 l - +0 swamp dragon scales
 s - +1 acid dragon scales (worn)
 z - a scarf of repulsion (worn)
Jewellery
 i - an amulet of regeneration
 u - a ring of protection from fire
 w - a ring of willpower (right hand)
 C - a +6 ring of intelligence
 K - the amulet of Nuoh (around neck) {Reflect rPois Int+2 Dex+3 SH+5}
   (You found it on level 1 of the Lair of Beasts)

   [amulet of reflection]

   It reflects blocked missile attacks.
   Int:       It affects your intelligence (+2).
   Dex:       It affects your dexterity (+3).
   rPois:     It protects you from poison.
   SH:        It affects your SH (+5).
 P - a +6 ring of strength (left hand)
 R - a ring of see invisible
Wands
 h - a wand of polymorph (10)
 r - a wand of roots (21)
 Q - a wand of quicksilver (1)
 U - a wand of flame (8)
 V - a wand of mindburst (9)
Scrolls
 k - 3 scrolls of butterflies
 m - a scroll of amnesia
 o - a scroll of vulnerability
 p - 4 scrolls of torment
 q - a scroll of brand weapon
 x - 2 scrolls of noise
 F - 6 scrolls of teleportation
 G - 2 scrolls of blinking
 J - 4 scrolls of identify
 L - a scroll of fear
 M - 2 scrolls of poison
 N - a scroll of summoning
Potions
 g - 3 potions of brilliance
 j - 5 potions of cancellation
 t - 3 potions of lignification
 v - 2 potions of flight
 A - 2 potions of curing
 B - a potion of magic
 D - 2 potions of ambrosia
 O - 3 potions of might
 S - a potion of resistance {unknown}
Miscellaneous
 I - a lightning rod (4/4)
 T - a phial of floods


   Skills:
 - Level 3.2 Fighting
 - Level 2.1(9.6) Polearms
 + Level 14.5(14.6) Staves
 - Level 2.9 Armour
 - Level 2.9 Shields
 + Level 16.2 Invocations
 + Level 14.8 Evocations


You had 12 spell levels left.
You didn't know any spells.
Your spell library contained the following spells:

 Spells                   Type           Power      Damage    Failure   Level
 Apportation              Tloc           0%         N/A       50%         1
 Magic Dart               Conj           0%         1d3       50%         1
 Necrotise                Necr           0%         1d4       50%         1
 Shock                    Conj/Air       0%         1d3       50%         1
 Summon Small Mammal      Summ           0%         N/A       50%         1
 Blink                    Tloc           0%         N/A       65%         2
 Ensorcelled Hibernation  Hex/Ice        0%         N/A       65%         2
 Passwall                 Tmut/Erth      0%         N/A       65%         2
 Searing Ray              Conj           0%         2d4       65%         2
 Lesser Beckoning         Tloc           0%         N/A       86%         3
 Swiftness                Air            0%         N/A       86%         3
 Airstrike                Air            0%         2d(0-16)  99%         4
 Fulminant Prism          Conj/Hex       0%         3d6       99%         4
 Summon Lightning Spire   Summ/Air       0%         N/A       99%         4
 Manifold Assault         Tloc           0%         N/A       100%        5
 Storm Form               Tmut/Air       0%         N/A       100%        7
 Maxwell's Capacitive Co  Air            0%         ∞         100%        8


Dungeon Overview and Level Annotations

Branches:
Dungeon (12/15)            Temple (0/1) D:7            Lair (5/5) D:10
 Shoals (0/4) Lair:3       Spider (0/4) Lair:2        Slime (0/5) Lair:4
Ossuary (visited)
    Orc: D:9-12

Altars:
Dithmenos
Gozag
Kikubaaqudgha
Makhleb
Qazlal
Sif Muna
Trog
Wu Jian
Xom
Yredelemnul

Shops:
D:7 *   D:10 ?


Innate Abilities, Weirdness & Mutations

You have hooves in place of feet.
You have a pair of horns on your head.
A demonic guardian rushes to your aid.
You have a small tail.
You are partially covered in iridescent scales. (AC +2)
You occasionally shout uncontrollably at your foes.


Message History

Your sixfirhy shocks the eight-headed hydra!
Your sixfirhy hits the eight-headed hydra!
Your sixfirhy shocks the eight-headed hydra!
The eight-headed hydra dies!
Makhleb accepts your kill. You block the elephant's attack.
The elephant trunk-slaps you but does no damage.
A blink frog comes into view. x2
Your sixfirhy hits the elephant!
Your sixfirhy shocks the elephant!
You feel better.
Your sixfirhy looks even sicker.
The elephant looks as sick as possible!
The blink frog is poisoned.
The blink frog croaks.
The blink frog is poisoned.
Your toxic aura wanes.
You kill the elephant!
Makhleb accepts your kill.
Your phial of floods has recharged.
Throw: 49 darts (poison)
Press: ? - help, Q - select action, (/) - cycle Shift-Dir - straight line, f - blink frog
Aim: a blink frog (lightly wounded, poisoned, 39% to hit)
You throw a poisoned dart.
The poisoned dart misses the blink frog.
Throw: 48 darts (poison)
Press: ? - help, Q - select action, (/) - cycle Shift-Dir - straight line, f/p - blink frog
Aim: a blink frog (moderately wounded, poisoned, ally target, 39% to hit)
You throw a poisoned dart.
The poisoned dart misses the blink frog.
Okay, then.
Throw: 47 darts (poison)
Press: ? - help, Q - select action, (/) - cycle Shift-Dir - straight line, f/p - blink frog
Aim: a blink frog (moderately wounded, poisoned, 39% to hit)
Okay, then.
The blink frog blinks!
The blink frog looks more healthy.
A blink frog comes into view.
The blink frog hits your sixfirhy!!
A blink frog comes into view.
The blink frog hits you!
You die...

.# ##.......# ##
##....### P# #.##.†.####
.## ## #..<...##. ..#
#.......... .#### ###
#.......P..
....####.#######.......P.
..........##.#####....P..
....†......##.##@........
.............#.#3F......P
............FF.F.P.....P.
........................
.........(........######
........†(........#
...........F......#
...............P..#
.............P#...#


You could see 3 blink frogs and a friendly sixfirhy (summoned, poisoned).

Vanquished Creatures
  A fire dragon (D:10)
  Harold (D:9)
  A hydra (Lair:3)
  2 boulder beetles
  A catoblepas (Lair:5)
  Erica (D:9)
  6 two-headed ogres
  6 death yaks
  Sonja (D:10)
  Pikel (D:8)
  A manticore (D:10)
  4 black mambas
  4 elephants (Lair:5)
  2 gargoyles
  9 cane toads
  Maggie (D:8)
  An unseen horror (D:12)
  9 komodo dragons
  A kobold demonologist (D:11)
  4 trolls
  4 polar bears
  A hornet (D:9)
  12 blink frogs
  47 yaks
  A wyvern (D:8)
  2 redbacks (Lair:2)
  2 vampire mosquitoes (D:11)
  Menkaure (D:4)
  2 steam dragons (D:9)
  Grum (D:9)
  2 acid dragons
  5 water moccasins
  3 sky beasts
  An ice beast (D:6)
  5 orc warriors
  9 wolves
  7 centaurs
  A lemure (D:8)
  A phantom (D:4)
  Blork the orc (D:4)
  5 kobold brigands
  4 bullfrogs
  2 scorpions
  4 water moccasin zombies (Ossuary)
  5 wights (D:7)
  17 killer bees
  An electric eel (Lair:3)
  4 howler monkeys
  3 hounds
  2 gnoll boudas
  3 orc priests
  5 iguanas
  Ijyb (D:3)
  Natasha (twice) (D:2)
  6 orc wizards
  2 mummies (Ossuary)
  Robin (D:2)
  12 gnolls
  6 adders
  4 adder zombies (Ossuary)
  4 worms
  4 dart slugs
  25 orcs
  7 endoplasms
  3 giant cockroaches
  7 gnoll zombies (Ossuary)
  13 goblins
  7 hobgoblins
  20 kobolds
  4 quokkas
  6 ball pythons
  4 bats
  A frilled lizard (D:2)
  A hobgoblin zombie (Ossuary)
  5 kobold zombies (Ossuary)
  6 orc zombies (Ossuary)
  8 rats
379 creatures vanquished.

Vanquished Creatures (collateral kills)
  A hydra (Lair:5)
  2 death yaks (Lair:5)
  A komodo dragon (Lair:5)
  A yak (Lair:1)
  An acid dragon (D:8)
  A centaur (D:9)
  Jessica (D:2)
  Natasha (D:2)
  A rat (D:1)
10 creatures vanquished.

Vanquished Creatures (others)
  A yak (D:9)
  A centaur (D:9)
  A bush (Lair:5)
  16 fungi
  25 plants
44 creatures vanquished.

Grand Total: 433 creatures vanquished

Notes
Turn   | Place    | Note
-------+----------+-------------------------------------------
     0 | D:1      | smilodon the Demonspawn Fighter began the quest for the
                  | Orb.
     0 | D:1      | Reached XP level 1. HP: 18/18 MP: 1/1
   237 | D:1      | Gained mutation: A weak demonic guardian rushes to your
                  | aid. [demonic ancestry]
   237 | D:1      | Reached XP level 2. HP: 23/24 MP: 2/2
   627 | D:1      | Identified a scroll of acquirement
   627 | D:1      | Acquired the +9 staff of Olgreb {rPois∞}
   627 | D:1      | Found the +9 staff of Olgreb {rPois∞}
   632 | D:1      | Gained mutation: You occasionally lose the ability to read
                  | scrolls when taking damage. [potion of mutation]
   632 | D:1      | Gained mutation: You have a pair of small horns on your
                  | head. [potion of mutation]
   833 | D:2      | Noticed Natasha
   837 | D:2      | Killed Natasha
   838 | D:2      | Reached skill level 1 in Staves
   838 | D:2      | Reached skill level 1 in Evocations
   838 | D:2      | Gained mutation: A demonic guardian rushes to your aid.
                  | [demonic ancestry]
   838 | D:2      | Reached XP level 3. HP: 29/29 MP: 3/3
   846 | D:2      | Found a faded altar of an unknown god.
   879 | D:2      | Noticed Natasha
   887 | D:2      | Killed Natasha
   888 | D:2      | Reached XP level 4. HP: 29/35 MP: 4/4
  1015 | D:2      | Noticed Robin
  1016 | D:2      | Noticed Natasha
  1019 | D:2      | Noticed Jessica
  1022 | D:2      | Killed Robin
  1024 | D:2      | Killed Natasha
  1025 | D:2      | Killed Jessica
  1026 | D:2      | Reached XP level 5. HP: 26/41 MP: 0/5
  1855 | D:3      | Noticed Ijyb
  1860 | D:3      | Killed Ijyb
  2068 | D:3      | Found a stormy altar of Qazlal.
  2571 | D:4      | Noticed Blork the orc
  2580 | D:4      | Killed Blork the orc
  2581 | D:4      | Reached XP level 6. HP: 24/47 MP: 1/6
  2754 | D:4      | Found an ancient bone altar of Kikubaaqudgha.
  2866 | D:4      | Found a sand-covered staircase.
  2872 | Ossuary  | Entered an ossuary
  3036 | Ossuary  | Discovered your monstrous ancestry.
  3036 | Ossuary  | Gained mutation: You have a small tail. [demonic ancestry]
  3036 | Ossuary  | Reached XP level 7. HP: 48/52 MP: 7/7
  3100 | Ossuary  | Reached skill level 5 in Evocations
  3351 | D:4      | Noticed Menkaure
  3354 | D:4      | Killed Menkaure
  3355 | D:4      | Reached skill level 5 in Staves
  3527 | D:4      | Found a burning altar of Makhleb.
  3534 | D:4      | Became a worshipper of Makhleb the Destroyer
  3577 | D:4      | Gained mutation: You have large cloven feet. [demonic
                  | ancestry]
  3577 | D:4      | Reached XP level 8. HP: 28/58 MP: 5/8
  4002 | D:4      | Found a bloodstained altar of Trog.
  4013 | D:4      | Found a shadowy altar of Dithmenos.
  4090 | D:5      | Entered Level 5 of the Dungeon
  4307 | D:5      | Found an ornate altar of the Wu Jian Council.
  5034 | D:6      | Found a shimmering altar of Xom.
  5043 | D:6      | Reached * piety under Makhleb
  5934 | D:7      | Found Maba's Elemental Accessories.
  5943 | D:7      | Reached skill level 1 in Invocations
  5943 | D:7      | Mutation became permanent: You have a pair of small horns
                  | on your head. [demonic ancestry]
  5943 | D:7      | Gained mutation: You have a pair of small horns on your
                  | head. [demonic ancestry]
  5943 | D:7      | Reached XP level 9. HP: 50/64 MP: 8/10
  5943 | D:7      | Lost mutation: You occasionally lose the ability to read
                  | scrolls when taking damage. [potion of mutation]
  5943 | D:7      | Gained mutation: Your body sometimes deteriorates upon
                  | taking damage. [potion of mutation]
  5943 | D:7      | Gained mutation: You are strong-willed. (Will+) [potion of
                  | mutation]
  5944 | D:7      | Lost mutation: You are strong-willed. (Will+) [potion of
                  | mutation]
  5944 | D:7      | Lost mutation: Your body sometimes deteriorates upon taking
                  | damage. [potion of mutation]
  5944 | D:7      | Gained mutation: You occasionally shout uncontrollably at
                  | your foes. [potion of mutation]
  5944 | D:7      | Gained mutation: You are partially covered in iridescent
                  | scales. (AC +2) [potion of mutation]
  6268 | D:7      | Found a staircase to the Ecumenical Temple.
  6379 | D:7      | Found an opulent altar of Gozag.
  6501 | D:8      | Noticed Maggie
  6507 | D:8      | Killed Maggie
  6508 | D:8      | Reached skill level 2 in Invocations
  6675 | D:8      | Reached skill level 3 in Invocations
  6786 | D:8      | Noticed Pikel
  6797 | D:8      | Killed Pikel
  6798 | D:8      | Reached skill level 4 in Invocations
  7199 | D:8      | Reached skill level 5 in Invocations
  7419 | D:8      | Reached skill level 6 in Invocations
  7815 | D:9      | Noticed Erica
  7825 | D:9      | Killed Erica
  7826 | D:9      | Gained mutation: You have hoof-like feet. [demonic
                  | ancestry]
  7826 | D:9      | Reached XP level 10. HP: 43/70 MP: 10/15
  7979 | D:9      | Found a basalt altar of Yredelemnul.
  7991 | D:9      | Noticed a two-headed ogre
  8003 | D:9      | Killed a two-headed ogre
  8004 | D:9      | Reached skill level 7 in Invocations
  8133 | D:9      | Noticed a two-headed ogre
  8135 | D:9      | Noticed Grum
  8335 | D:9      | Killed Grum
  8336 | D:9      | Reached skill level 10 in Evocations
  8507 | D:9      | Noticed Harold
  8525 | D:9      | Reached skill level 8 in Invocations
  8527 | D:9      | Killed Harold
  8649 | D:9      | Noticed a two-headed ogre
  8673 | D:9      | Killed a two-headed ogre
  8674 | D:9      | Reached skill level 9 in Invocations
  8684 | D:9      | Reached ** piety under Makhleb
  9003 | D:9      | Reached XP level 11. HP: 73/75 MP: 16/18
  9048 | D:9      | Noticed a two-headed ogre
  9060 | D:9      | Reached skill level 10 in Staves
  9073 | D:9      | Killed a two-headed ogre
  9074 | D:9      | Reached skill level 10 in Invocations
  9265 | D:10     | Entered Level 10 of the Dungeon
  9280 | D:10     | Found a shimmering blue altar of Sif Muna.
  9402 | D:10     | Found a staircase to the Lair.
  9402 | D:10     | Noticed a fire dragon
  9402 | D:10     | Noticed Sonja
  9434 | D:10     | Killed Sonja
  9573 | D:10     | Killed a fire dragon
  9914 | D:10     | Reached *** piety under Makhleb
 10156 | D:10     | Identified the +7 falchion of Greed {flame, rElec Dex+3}
 10168 | D:10     | Reached skill level 11 in Invocations
 10322 | D:10     | Found Xiutana's Magic Scroll Shoppe.
 10839 | D:9      | Killed a two-headed ogre
 10883 | D:7      | Bought a lightning rod (4/4) for 360 gold pieces
 11013 | D:11     | Noticed a two-headed ogre
 11020 | D:11     | Killed a two-headed ogre
 11101 | D:11     | Noticed a boulder beetle
 11109 | D:11     | HP: 2/75 [vampire mosquito (3)]
 11112 | D:11     | Killed a boulder beetle
 11433 | D:12     | Noticed a two-headed ogre
 11434 | D:12     | Reached skill level 12 in Invocations
 11448 | D:11     | Gained mutation: You have hooves in place of feet. [demonic
                  | ancestry]
 11448 | D:11     | Reached XP level 12. HP: 29/81 MP: 13/21
 11507 | D:11     | Killed a two-headed ogre
 11933 | Lair:1   | Entered Level 1 of the Lair of Beasts
 11953 | Lair:1   | Identified the amulet of Nuoh {Reflect rPois Int+2 Dex+3
                  | SH+5}
 11965 | Lair:1   | Acquired a manual of Staves
 12416 | Lair:1   | Reached **** piety under Makhleb
 12953 | Lair:1   | Reached skill level 13 in Invocations
 13418 | Lair:2   | Reached skill level 14 in Invocations
 13569 | Lair:2   | Found a hole to the Spider Nest.
 14131 | Lair:3   | Noticed a boulder beetle
 14137 | Lair:3   | Killed a boulder beetle
 14196 | Lair:3   | Found a staircase to the Shoals.
 14984 | Lair:3   | Noticed a six-headed hydra
 14993 | Lair:3   | Killed a six-headed hydra
 15207 | Lair:3   | Gained mutation: You have a pair of horns on your head.
                  | [demonic ancestry]
 15207 | Lair:3   | Reached XP level 13. HP: 86/86 MP: 23/23
 16252 | Lair:4   | Reached skill level 15 in Invocations
 16460 | Lair:4   | Found a staircase to the Slime Pits.
 16465 | Lair:4   | Reached ***** piety under Makhleb
 17171 | Lair:5   | Entered Level 5 of the Lair of Beasts
 17936 | Lair:5   | Reached skill level 16 in Invocations
 18396 | Lair:5   | HP: 3/86 [eight-headed hydra (13)]
 18404 | Lair:5   | Slain by a blink frog

Illustrated notes

Levels and vault maps discovered:
D:1:      spicycebolla_green_bress_n_ham, layout_rooms
D:2:      layout_basic, shapermc_ecumenical_altar_mp_urbaneastern, uniq_natasha,
          uniq_jessica, uniq_robin
D:3:      layout_loops_ring, nicolae_overflow_crystal_walls,
          minmay_joined_circles, uniq_ijyb
D:4:      layout_basic, makhleb_blood_cavern_becter,
          mainiacjoe_overflow_24_doors, amethyst_overflow_temple_binary,
          nicolae_ossuary_entry_false_entrances, uniq_menkaure,
          uniq_blork_the_orc
D:5:      layout_loops_ring, lemuel_crystal_altar, minmay_misc_feat_tiny
D:6:      layout_basic, amcnicky_altar_gilded
D:7:      layout_basic, grunt_temple_overflow_gold_and_silver, temple_green,
          minmay_misc_feat_encased, nicolae_elemental_shop
D:8:      layout_gridville, minivault_1, uniq_maggie, uniq_pikel
D:9:      minmay_polygon_palace, layout_loops_ring, lemuel_doored_altar,
          uniq_harold, uniq_grum, uniq_erica
D:10:     cheibrodos_iron_armory, layout_layer_cave,
          mainiacjoe_overflow_concentric_impassable, minmay_lair_entry_lava,
          serial_shops, kennysheep_mini_moat, small_statue_alley_a,
          minmay_misc_feat_alley, uniq_sonja
D:11:     layout_basic, tso_altar
D:12:     layout_cave_pools, minmay_orc_entry_guard_dogs,
          minmay_unpleasant_kobolds
Lair:1:   layout_cave_pods
Lair:2:   layout_long_grid, spider_nest_entry_webs
Lair:3:   layout_cave_pods, elwin_shoals_entry_rooms, serial_bayou_shore_b,
          lemuel_fruit_fields, grunt_megastairs_1
Lair:4:   hellmonk_ruined_rings, layout_cave_pods, slime_entry_1,
          enter_volcano_2
Lair:5:   grunt_lair_end_beastmaster, layout_cave_pods

Skill      XL: |  1  2  3  4  5  6  7  8  9 10 11 12 13 |
---------------+----------------------------------------+-----
Polearms       | 2 |  2.1
Staves         | 1 2 3 4 5 7 8 9 11 12 14 | 14.5
Evocations     | 1 2 3 4 6 8 9 10 12 13 14 | 14.8
Invocations    | 1 6 9 12 14 16 | 16.2
Fighting       | |  3.2
Armour         | |  2.9
Shields        | |  2.9

Action                   |  1- 3 |  4- 6 |  7- 9 | 10-12 | 13-15 || total
-------------------------+-------+-------+-------+-------+-------++-------
Melee: Trident           |    48 |       |       |       |       ||    48
       Staff             |    16 |   136 |   159 |   266 |   115 ||   692
       Headbutt          |     1 |    24 |    20 |    48 |    24 ||   117
       Unarmed           |       |     3 |       |       |       ||     3
       Tailslap          |       |       |    23 |    36 |    20 ||    79
       Kick              |       |       |    22 |    72 |    49 ||   143
Throw: Dart              |       |       |     8 |    20 |     5 ||    33
Invok: Minor Destruction |       |       |       |     4 |       ||     4
       Major Destruction |       |       |       |     2 |     3 ||     5
 Abil: Evoke the Staff o |       |     3 |     7 |    47 |    12 ||    69
Evoke: Wand              |       |       |    10 |     5 |     1 ||    16
       Lightning rod     |       |       |       |     7 |       ||     7
       Phial of floods   |       |       |       |       |     1 ||     1
  Use: Potion            |     3 |     1 |     7 |     7 |     2 ||    20
       Scroll            |     2 |     5 |     7 |    11 |     3 ||    28
Armor: Scale mail        |    28 |    11 |       |       |       ||    39
       Swamp dragon scal |       |    61 |    51 |    87 |     1 ||   200
       Acid dragon scale |       |       |       |       |    23 ||    23
Dodge: Dodged            |    23 |    70 |    37 |   138 |    46 ||   314
       Repelled          |       |       |     1 |     5 |       ||     6
Block: Buckler           |    20 |    25 |    22 |    79 |    53 ||   199
